 Dungeon Crawl Stone Soup version 0.27-a0-797-g27d10ad80f (webtiles) character file.

Game seed: 17423487630506578116

4147 polve the Destroyer (level 10, -1/76 HPs)
             Began as a Demonspawn Abyssal Knight on Mar 27, 2021.
             Was a High Priest of Lugonu.
             Slain by a hornet (12 damage)
             ... on level 7 of the Dungeon.
             The game lasted 00:15:00 (8717 turns).

polve the Destroyer (Demonspawn Abyssal Knight)     Turns: 8717, Time: 00:15:00

Health: -1/76      AC:  9    Str: 13    XL:     10   Next: 7%
Magic:  6/14       EV: 10    Int: 16    God:    Lugonu [*****.]
Gold:   330        SH:  0    Dex: 11    Spells: 11/15 levels left

rFire    . . .     SeeInvis +   u - +10 rapier "Hydraslayer" {flame, rElec SInv}
rCold    . . .     Faith    .   (no shield)
rNeg     . . .     Spirit   .   z - +2 ring mail {rPois}
rPois    +         Reflect  .   (helmet restricted)
rElec    +         Harm     .   n - +0 cloak
rCorr    +         Rampage  .   (no gloves)
Will     .....                  (no boots)
Stlth    ++........             m - amulet of regeneration
HPRegen  1.22/turn              (no ring)
MPRegen  0.14/turn              (no ring)

@: very slightly contaminated, invisible
A: horns 2, yellow scales 3, powered by death 1, demonic magic 1, fangs 1,
clumsy 1, deformed body, sense surroundings 1
a: Renounce Religion, Depart the Abyss, Bend Space, Banish, Corrupt, Enter the
Abyss


You were on level 7 of the Dungeon.
You worshipped Lugonu.
Lugonu was extremely pleased with you.
You visited 1 branch of the dungeon, and saw 8 of its levels.
You visited the Abyss 1 time.

You collected 330 gold pieces.

Inventory:

Hand Weapons
 a - a +1 falchion
 i - a +2 dagger of electrocution
 u - the +10 rapier "Hydraslayer" (weapon) {flame, rElec SInv}
   (You found it on level 7 of the Dungeon)

   It has been specially enchanted to burn those struck by it, causing extra
   injury to most foes and up to half again as much damage against particularly
   susceptible opponents.
   It insulates you from electricity.
   It lets you see invisible.
Armour
 b - a +0 leather armour
 n - a +0 cloak (worn)
 z - a +2 ring mail of poison resistance (worn)
Jewellery
 m - an amulet of regeneration (around neck)
Wands
 c - a wand of digging (3)
 g - a wand of random effects (10)
 p - a wand of polymorph (5)
 q - a wand of charming (6)
 t - a wand of iceblast (4)
 v - a wand of paralysis (5)
Scrolls
 d - 3 scrolls of amnesia
 e - 4 scrolls of teleportation
 h - 2 scrolls of enchant weapon
 k - a scroll of summoning
 r - 2 scrolls of enchant armour
 s - a scroll of immolation
 x - a scroll of noise {unknown}
 y - a scroll of vulnerability {unknown}
Potions
 f - a potion of invisibility
 j - a potion of ambrosia {unknown}
 l - a potion of heal wounds {unknown}
 o - a potion of haste {unknown}
 w - a potion of brilliance {unknown}
 A - a potion of curing


   Skills:
 - Level 5.9 Fighting
 - Level 2.6(4.2) Short Blades
 - Level 5.0(5.3) Long Blades
 + Level 1.7 Armour
 + Level 0.8 Dodging
 - Level 6.0 Stealth
 - Level 3.0 Spellcasting
 - Level 8.2 Conjurations
 - Level 3.0 Air Magic
 - Level 4.0 Poison Magic
 + Level 2.4 Invocations


You had 11 spell levels left.
You knew the following spells:

 Your Spells              Type           Power      Damage    Failure   Level
a - Magic Dart            Conj           100%       1d8       1%          1
d - Mephitic Cloud        Conj/Pois/Air  18%        N/A       16%         3

Your spell library contained the following spells:

 Spells                   Type           Power      Damage    Failure   Level
 Poisonous Vapours        Pois/Air       26%        N/A       14%         2
 Sting                    Tmut/Pois      32%        1d4       17%         1
 Conjure Flame            Conj/Fire      15%        6-21      22%         3
 Blink                    Tloc           N/A        N/A       52%         2
 Call Imp                 Summ           2%         N/A       52%         2
 Slow                     Hex            2%         N/A       52%         2
 Ignite Poison            Fire/Tmut/Pois 6%         N/A       56%         3
 Olgreb's Toxic Radiance  Pois           15%        N/A       58%         4


Dungeon Overview and Level Annotations

Branches:
Dungeon (8/15)             Temple (0/1) D:6
   Lair: D:8-11

Altars:
Cheibriados
Elyvilon
Gozag
Hepliaklqana
Okawaru
Qazlal
Sif Muna
Trog
Uskayaw
Wu Jian
Xom
Zin

Shops:
D:7 *


Innate Abilities, Weirdness & Mutations

You have a pair of horns on your head.
You are completely covered in yellow scales. (AC +4, rCorr)
You regenerate a little health from kills.
Spells you cast may paralyse adjacent enemies.
You have very sharp teeth.
You are clumsy. (Dex -2)
Armour fits poorly on your strangely shaped body.
You passively map a small area around you.


Message History

You feel sick.
You are no longer poisoned.
The hornet barely misses you. The hornet misses you.
The hornet closely misses you.
There is a stone staircase leading up here.
You feel yourself speed up.
The hornet stings you but does no damage.
The troll bites you!
The troll claws you but does no damage. x2
The hornet stings you!
* * * LOW HITPOINT WARNING * * *
You suddenly lose the ability to move!
You can move again.
You climb upwards.
There is a stone staircase leading down here.
Space bends around you!
You blink.
Press: ? - help, Shift-Dir - straight line, f - hornet
Aim: a hornet (lightly wounded, chance to affect: 74%)
Okay, then.
You fade into invisibility!
The hornet barely misses you.
You are very lightly contaminated with residual magic.
Casting: Magic Dart (safe; 1% risk of failure)
Confirm with . or Enter, or press ? or * to list all spells.
Aiming: Magic Dart (safe; 1% risk of failure)
Press: ? - help, Shift-Dir - straight line, f - hornet
Aim: a hornet (lightly wounded, 0% to evade)
The magic dart hits the hornet.
The hornet is lightly wounded.
Malevolent energies surge around you. The hornet stings you!
* * * LOW HITPOINT WARNING * * *
Casting: Magic Dart (safe; 1% risk of failure)
Confirm with . or Enter, or press ? or * to list all spells.
Aiming: Magic Dart (safe; 1% risk of failure)
Press: ? - help, Shift-Dir - straight line, f/p - hornet
Aim: a hornet (lightly wounded, 0% to evade)
The magic dart hits the hornet.
The hornet is lightly wounded.
Malevolent energies surge around you. The hornet stings you!
You die...

# #.# #.# #.# # #.# #.# #.#
#######.######.### #.#
'.)[.....[......># #.#
####........##.#.#### #.# #
#.....)..##.#.#..# #.# #
#........##.#T#..######.#
#........##.#y#..#......#
#........##.#@#..#.######
#................#.###
#.....##.......#.#.#<#
#.....##.......+.#.#.#####
####.....##.......###.#.....#
...'.....#........'...#.###.#
####..............#########.#
######......#............#
#......##############


You could see a troll and a hornet.

Vanquished Creatures
  A hornet (D:6)
  Prince Ribbit (D:4)
  6 yaks (D:5)
  A steam dragon (D:7)
  Edmund (D:4)
  An ice beast (D:7)
  2 orc warriors
  A hornet zombie (D:3)
  2 necrophages
  2 sky beasts (D:7)
  3 centaurs (D:6)
  2 phantoms
  A bullfrog (D:7)
  A wyvern zombie (D:3)
  2 water moccasin zombies
  5 scorpions
  2 water moccasin skeletons
  The ghost of polve the Slasher, a weakling DsAK of Lugonu (D:3)
  A howler monkey (D:4)
  A jelly (D:6)
  3 hounds
  2 bullfrog skeletons (D:5)
  2 orc priests
  Crazy Yiuf (D:2)
  4 centaur skeletons
  2 gnoll shamans
  2 iguanas (D:6)
  6 orc wizards
  A killer bee zombie (D:7)
  A howler monkey zombie (D:6)
  Robin (D:2)
  4 gnolls (D:7)
  2 adders (D:3)
  A shadow imp (D:6)
  A white imp (D:6)
  2 worms
  22 orcs
  5 endoplasms
  5 giant cockroaches
  22 goblins
  5 hobgoblins
  13 jackals
  6 ball pythons
  4 bats
  5 frilled lizards
  7 kobolds
  2 rats (D:2)
  A butterfly (D:3)
169 creatures vanquished.

Notes
Turn   | Place    | Note
-------+----------+-------------------------------------------
     0 | Abyss:1  | polve the Demonspawn Abyssal Knight began the quest for the
                  | Orb.
     0 | Abyss:1  | Reached XP level 1. HP: 18/18 MP: 2/2
    50 | Abyss:1  | Noticed a raiju
    51 | D:1      | Escaped the Abyss
   270 | D:1      | Reached * piety under Lugonu
   307 | D:1      | Gained mutation: Spells you cast may paralyse adjacent
                  | enemies. [demonic ancestry]
   307 | D:1      | Reached XP level 2. HP: 2/24 MP: 3/3
  1652 | D:1      | Gained mutation: You regenerate a little health from kills.
                  | [demonic ancestry]
  1652 | D:1      | Reached XP level 3. HP: 29/29 MP: 4/4
  1704 | D:2      | Found a shimmering altar of Xom.
  2376 | D:2      | Noticed Robin
  2382 | D:2      | Reached ** piety under Lugonu
  2392 | D:2      | Killed Robin
  2567 | D:2      | Reached XP level 4. HP: 35/35 MP: 5/5
  2659 | D:2      | Found an iron altar of Okawaru.
  2708 | D:2      | Found a runed translucent door.
  2709 | D:2      | Noticed Crazy Yiuf
  2912 | D:2      | Found a hide-covered altar of Uskayaw.
  3047 | D:2      | Killed Crazy Yiuf
  3180 | D:3      | Gained mutation: You are partially covered in yellow
                  | scales. (AC +2) [demonic ancestry]
  3180 | D:3      | Reached XP level 5. HP: 36/41 MP: 6/6
  3209 | D:3      | Found an opulent altar of Gozag.
  3329 | D:3      | Reached skill level 5 in Long Blades
  3379 | D:3      | Learned a level 1 spell: Magic Dart
  3383 | D:3      | Learned a level 3 spell: Mephitic Cloud
  3819 | D:3      | Found a faded altar of an unknown god.
  3966 | D:3      | Found a runed translucent gate.
  3968 | D:3      | Found a runed translucent gate.
  3968 | D:3      | Found a runed translucent gate.
  3971 | D:3      | Noticed polve's ghost (weakling DsAK)
  4039 | D:3      | Found a bloodstained altar of Trog.
  4188 | D:3      | Gained mutation: You are clumsy. (Dex -2) [potion of
                  | mutation]
  4188 | D:3      | Gained mutation: Armour fits poorly on your strangely
                  | shaped body. [potion of mutation]
  4188 | D:3      | Gained mutation: You passively map a small area around you.
                  | [potion of mutation]
  4188 | D:3      | Gained mutation: You have very sharp teeth. [potion of
                  | mutation]
  4214 | D:3      | Reached skill level 1 in Spellcasting
  4214 | D:3      | Reached skill level 1 in Conjurations
  4214 | D:3      | Reached skill level 1 in Air Magic
  4214 | D:3      | Reached skill level 1 in Poison Magic
  4214 | D:3      | Gained mutation: You are mostly covered in yellow scales.
                  | (AC +3) [demonic ancestry]
  4214 | D:3      | Reached XP level 6. HP: 27/47 MP: 7/7
  4218 | D:3      | Killed polve's ghost
  4233 | D:3      | Reached skill level 2 in Conjurations
  4448 | D:4      | Noticed Edmund
  4459 | D:4      | Killed Edmund
  4460 | D:4      | Reached XP level 7. HP: 33/52 MP: 7/10
  4579 | D:4      | Reached *** piety under Lugonu
  4580 | D:4      | Reached skill level 1 in Stealth
  4580 | D:4      | Reached skill level 3 in Conjurations
  4957 | D:4      | Found an ornate altar of the Wu Jian Council.
  5060 | D:5      | Entered Level 5 of the Dungeon
  5307 | D:5      | Noticed Prince Ribbit
  5310 | D:5      | Gained mutation: You are completely covered in yellow
                  | scales. (AC +4, rCorr) [demonic ancestry]
  5310 | D:5      | Reached XP level 8. HP: 56/58 MP: 9/12
  5346 | D:4      | Killed Prince Ribbit
  5347 | D:4      | Reached skill level 4 in Conjurations
  5843 | D:5      | Reached **** piety under Lugonu
  6147 | D:5      | Found a hide-covered altar of Uskayaw.
  6168 | D:5      | Reached skill level 5 in Conjurations
  6176 | D:5      | Reached skill level 5 in Stealth
  6180 | D:5      | Reached skill level 6 in Conjurations
  6180 | D:5      | Gained mutation: You have a pair of small horns on your
                  | head. [demonic ancestry]
  6180 | D:5      | Reached XP level 9. HP: 30/63 MP: 5/13
  6466 | D:5      | Found a shimmering blue altar of Sif Muna.
  6529 | D:5      | Found a snail-covered altar of Cheibriados.
  6620 | D:6      | Reached skill level 7 in Conjurations
  7165 | D:6      | Found a hazy altar of Hepliaklqana.
  7170 | D:6      | Found a staircase to the Ecumenical Temple.
  7669 | D:6      | Reached skill level 5 in Fighting
  7669 | D:6      | Reached skill level 8 in Conjurations
  7997 | D:7      | Identified the +10 rapier "Hydraslayer" {flame, rElec SInv}
  8027 | D:7      | Reached skill level 1 in Short Blades
  8264 | D:7      | Identified the +6 short sword of Entrepreneurial Spirit
                  | {speed, Int+5 Dex+3 Stlth-}
  8349 | D:7      | Gained mutation: You have a pair of horns on your head.
                  | [demonic ancestry]
  8349 | D:7      | Reached XP level 10. HP: 76/76 MP: 12/14
  8404 | D:7      | Found a stormy altar of Qazlal.
  8564 | D:7      | Found Maant's General Store.
  8589 | D:7      | Reached ***** piety under Lugonu
  8703 | D:8      | Noticed a centaur warrior
  8712 | D:8      | Paralysed by a hornet for 1 turns
  8717 | D:7      | Slain by a hornet

Illustrated notes

Levels and vault maps discovered:
D:1:      dpeg_arrival_rooms_b, layout_basic
D:2:      layout_rooms, xom_butterflies, elyvilon_altar_3,
          kennysheep_okawaru_gauntlet, marbit_many_paths, uniq_robin,
          uniq_crazy_yiuf_cottage
D:3:      layout_basic, grunt_temple_overflow_gold_and_silver,
          chequers_ecumenical_altar_simple_redux, gammafunk_ghost_necromancy,
          kennysheep_nondescript, trog_hazing_becter
D:4:      layout_cave_pools, nzn_wu_jian_contemplation, uniq_edmund
D:5:      layout_basic, slow_altar_2, tgw_sif, basic_altar, uniq_prince_ribbit1
D:6:      layout_basic, kennysheep_mini, temple_green, minmay_chambers_of_fives
D:7:      layout_basic, nicolae_overflow_crystal_walls, serial_shops,
          nicolae_shop_behind_doors
D:8:      layout_loops_ring, lemuel_doored_altar, lemuel_coloured_pillars_altar,
          grunt_lair_entry_orc_guard_hut, minmay_the_grid_2x2
          [minmay_the_grid_broken_lines, minmay_the_grid_tree,
          minmay_the_grid_expand, minmay_the_grid_prize_trominoes]

Skill      XL: |  1  2  3  4  5  6  7  8  9 |
---------------+----------------------------+-----
Long Blades    | 2 3 4 5 |  5.0
Spellcasting   | 1 2 3 |  3.0
Conjurations   | 1 2 3 6 8 |  8.2
Air Magic      | 1 2 3 |  3.0
Poison Magic   | 1 2 3 4 |  4.0
Stealth        | 2 5 6 |  6.0
Fighting       | 5 |  5.9
Short Blades   | 2 |  2.6
Armour         | |  1.7
Dodging        | |  0.8
Invocations    | |  2.4

Action                   |  1- 3 |  4- 6 |  7- 9 | 10-12 || total
-------------------------+-------+-------+-------+-------++-------
Melee: Falchion          |   102 |       |       |       ||   102
       Dagger            |    43 |    91 |   189 |       ||   323
       Unarmed           |       |    36 |       |       ||    36
       Bite              |       |     1 |    17 |     3 ||    21
       Rapier            |       |       |    20 |    19 ||    39
       Headbutt          |       |       |     5 |       ||     5
 Cast: Magic Dart        |       |     1 |   126 |    12 ||   139
Invok: Depart the Abyss  |     1 |       |       |       ||     1
       Bend Space        |       |       |       |     1 ||     1
  Use: Potion            |       |     6 |       |     1 ||     7
       Scroll            |       |     3 |     3 |       ||     6
 Stab: Invisible         |       |     3 |       |       ||     3
       Paralysed         |       |     3 |    42 |     2 ||    47
       Sleeping          |       |       |     5 |       ||     5
Armor: Leather armour    |    37 |    44 |    64 |     7 ||   152
       Skin              |       |    53 |       |       ||    53
       Ring mail         |       |       |       |     6 ||     6
Dodge: Dodged            |    71 |    70 |   114 |    18 ||   273
       Rpst.: Falchion   |    16 |       |       |       ||    16

Table legend: (Time is in decaauts)
 A = Elapsed time spent in this place.
 B = Non-inter-level travel time spent in this place.
 C = Inter-level travel time spent in this place.
 D = Time resting spent in this place.
 E = Time spent auto-exploring this place.
 F = Levels seen in this place.
 G = Mean time per level.
                   A        B        C        D        E       F      G
               +--------+--------+--------+--------+--------+-----+--------+
         Total |   8695 |   8460 |    235 |     96 |   7100 |   9 |  966.1 |
       Dungeon |   8644 |   8409 |    235 |     96 |   7050 |   8 | 1080.5 |
         Abyss |     51 |     51 |      0 |      0 |     50 |   1 |   51.0 |
               +--------+--------+--------+--------+--------+-----+--------+

Top non-repeatable levels by time:
     D:1: 2203 daAuts
     D:6: 1417 daAuts
     D:5: 1290 daAuts
     D:3: 1256 daAuts
     D:2: 912 daAuts
     D:4: 878 daAuts
     D:7: 664 daAuts
 Abyss:1: 51 daAuts
     D:8: 20 daAuts
